 Dungeon Crawl Stone Soup version 0.20-a0-151-g755e310 (console) character file.

102 Blackmore the Magician (level 4, -2/24 HPs)
             Began as a Deep Elf Ice Elementalist on Nov 22, 2016.
             Slain by a gnoll (8 damage)
             ... on level 2 of the Dungeon.
             The game lasted 00:08:02 (1998 turns).

Blackmore the Magician (Deep Elf Ice Elementalist)  Turns: 1998, Time: 00:08:02

Health: -2/24      AC:  2    Str:  5    XL:     4   Next: 49%
Magic:  3/13       EV: 13    Int: 21    God:
Gold:   45         SH:  0    Dex: 15    Spells: 3/13 levels left

rFire  . . .     SeeInvis .     h - +0 dagger
rCold  . . .     Gourm    .     a - +0 robe
rNeg   . . .     Faith    .     (no shield)
rPois  .         Spirit   .     (no helmet)
rElec  .         Reflect  .     (no cloak)
rCorr  .         Harm     .     (no gloves)
MR     .....                    (no boots)
Stlth  ++........               (no amulet)
                                (no ring)
                                (no ring)

@: no status effects
A: no striking features
a: no special abilities


You were on level 2 of the Dungeon.
You were not hungry.

You visited 1 branch of the dungeon, and saw 2 of its levels.

You collected 45 gold pieces.

Inventory:

Hand Weapons
 h - a +0 dagger (weapon)
Armour
 a - a +0 robe (worn)
Scrolls
 e - a scroll of identify {unknown}
 g - a scroll of enchant weapon {unknown}
 l - a scroll of remove curse {unknown}
 m - a scroll of recharging {unknown}
 n - a scroll of enchant armour {unknown}
Potions
 d - a potion of heal wounds {unknown}
 i - a potion of resistance {unknown}
 k - 2 potions of lignification {unknown}
Books
 b - a book of Frost

   Spells                             Type                      Level
   a - Freeze                         Ice                          1
   b - Throw Frost                    Conjuration/Ice              2
   c - Ozocubu's Armour               Charms/Ice                   3
   d - Throw Icicle                   Conjuration/Ice              4
   e - Summon Ice Beast               Ice/Summoning                4
Comestibles
 c - 2 bread rations
 j - 2 meat rations


   Skills:
 + Level 2.6 Dodging
 + Level 2.7 Stealth
 * Level 5.0 Spellcasting
 + Level 1.7 Conjurations
 * Level 4.2 Ice Magic


You had 3 spell levels left.
You knew the following spells:

 Your Spells              Type           Power        Failure   Level  Hunger
a - Freeze                Ice            ###.         1%          1    None
b - Throw Frost           Conj/Ice       ###...       6%          2    None
c - Ozocubu's Armour      Chrm/Ice       ##......     17%         3    ##.....
d - Throw Icicle          Conj/Ice       ###.....     34%         4    ####...


Dungeon Overview and Level Annotations

Branches:
Dungeon (2/15)

Altars:
The Shining One

Annotations:
D:2 1 runed door


Message History

The gnoll hits you.
Casting: Freeze
Confirm with . or Enter, or press ? or * to list all spells.
Aiming: Freeze
Press: ? - help, Shift-Dir - straight line, f/p - gnoll
Aim: a gnoll (lightly wounded)
You freeze the gnoll.
The gnoll is moderately wounded.
The gnoll barely misses you.
Casting: Freeze
Confirm with . or Enter, or press ? or * to list all spells.
Aiming: Freeze
Press: ? - help, Shift-Dir - straight line, f/p - gnoll
Aim: a gnoll (moderately wounded)
You freeze the gnoll.
The gnoll is heavily wounded.
The gnoll hits you from afar with a spear!
* * * LOW HITPOINT WARNING * * *
The gnoll hits you!
You die...

#..≈≈≈♣_.≈≈≈≈.# #..#.##.##
##≈.≈≈≈.♣.≈≈≈≈w####........
#...≈≈≈≈≈≈≈≈≈..#......##.##
#..≈≈≈≈≈≈≈≈≈≈....#..#.##.#
#..≈≈≈≈≈≈≈≈≈≈≈≈##.....##.#
#.≈.≈.....≈.≈≈....<.####.#
#..≈.≈≈≈≈...≈≈....#.# #.##
#.########.#....###.# #... #.#
#.gg@..##.###.####.##
#######g#####.######...##....(.#
#...g....)..... ##.....###..#.##
#g######....... #.<.........#.##
#.# ....... #........##.#.## #.#
....... #.....).###.#.## #g#
####### ######### ###### #.# ###
###### # # #g#
#####.####....#.## #


You could see a worm (wandering) and 2 gnolls.

Vanquished Creatures
  A gnoll (D:2)
  3 adders (D:2)
  2 dart slugs
  2 leopard geckos (D:2)
  5 bats
  6 giant cockroaches
  7 goblins
  2 hobgoblins
  8 jackals
  6 kobolds
  A quokka (D:2)
  11 rats
54 creatures vanquished.

Notes
Turn   | Place    | Note
-------+----------+-------------------------------------------
     0 | D:1      | Blackmore the Deep Elf Ice Elementalist began the quest for the Orb.
     0 | D:1      | Reached XP level 1. HP: 10/10 MP: 6/6
   325 | D:1      | Reached XP level 2. HP: 15/15 MP: 6/8
   333 | D:1      | Learned a level 2 spell: Throw Frost
   734 | D:2      | Reached skill level 4 in Spellcasting
   907 | D:2      | Reached XP level 3. HP: 19/19 MP: 2/10
  1041 | D:2      | Learned a level 3 spell: Ozocubu's Armour
  1310 | D:2      | Found a faded altar of an unknown god.
  1476 | D:2      | Reached XP level 4. HP: 20/24 MP: 0/12
  1572 | D:2      | Learned a level 4 spell: Throw Icicle
  1727 | D:2      | Reached skill level 5 in Spellcasting
  1759 | D:2      | Found a glowing golden altar of the Shining One.
  1945 | D:2      | Found a runed door.
  1998 | D:2      | Slain by a gnoll

Vault maps used:
D:1:      minmay_arrival_four_loops
D:2:      first_bread, chequers_ecumenical_altar_island,
          nicolae_tso_carved_into_rock, uniq_crazy_yiuf_cottage

Skill      XL: |  1  2  3  4 |
---------------+-------------+-----
Spellcasting   | 4 5 |  5.0
Ice Magic      | 4 |  4.2
Dodging        | |  2.6
Stealth        | |  2.7
Conjurations   | |  1.7

Action                   |  1- 3 |  4- 6 || total
-------------------------+-------+-------++-------
Melee: Dagger            |     6 |     3 ||     9
 Cast: Freeze            |    40 |     9 ||    49
       Throw Frost       |    32 |    14 ||    46
  Eat: Chunk             |     2 |     2 ||     4
Armor: Robe              |     6 |     3 ||     9
Dodge: Dodged            |    29 |     8 ||    37
